 Dungeon Crawl Stone Soup version 0.28-a0-1518-gbe868bca14 (webtiles) character file.

Game seed: 2164074916453835444

588 knot the Chopper (level 7, 71/78 HPs)
             Began as a Demonspawn Berserker on Jan 17, 2022.
             Was a Priest of Trog.
             Quit the game in an ossuary.
             The game lasted 00:09:42 (4441 turns).

knot the Chopper (Demonspawn Berserker)             Turns: 4441, Time: 00:09:42

Health: 71/78      AC:  8    Str: 17    XL:     7   Next: 15%
Magic:  7/7        EV: 11    Int: 10    God:    Trog [***...]
Gold:   85         SH:  0    Dex: 13    Spells: 6/6 levels left

rFire   + . .      SeeInvis .   a - +0 hand axe (venom)
rCold   . . .      Faith    .   (no shield)
rNeg    . . .      Spirit   .   h - +0 ring mail
rPois   .          Reflect  .   (helmet restricted)
rElec   .          Harm     .   o - +0 cloak
rCorr   .          Rampage  .   k - +1 pair of gloves
Will    ++...                   (no boots)
Stlth   ..........              c - amulet of regeneration
HPRegen 2.03/turn               n - ring of protection from fire
MPRegen 0.10/turn               (no ring)

@: berserking, strong-willed, regenerating, very quick
A: antennae 2, powered by pain 1
a: Renounce Religion, Berserk, Trog's Hand


You were in an ossuary.
You worshipped Trog.
Trog was most pleased with you.
You visited 1 branch of the dungeon, and saw 4 of its levels.
You also visited: Ossuary.

You collected 85 gold pieces.

Inventory:

Hand Weapons
 a - a +0 hand axe of venom (weapon)
Missiles
 f - 98 stones (quivered)
 l - 40 sling bullets
Armour
 h - a +0 ring mail (worn)
 k - a +1 pair of gloves (worn)
 o - a +0 cloak (worn)
Jewellery
 c - an amulet of regeneration (around neck)
 n - a ring of protection from fire (left hand)
Wands
 p - a wand of iceblast (6)
Scrolls
 d - a scroll of blinking
Potions
 e - 3 potions of curing
 i - 3 potions of lignification
 m - a potion of brilliance
 q - a potion of ambrosia


   Skills:
 - Level 3.0 Fighting
 * Level 6.2 Axes
 * Level 4.0 Throwing
 - Level 1.7 Armour
 - Level 1.7 Dodging


You had 6 spell levels left.
You didn't know any spells.
Your spell library contained the following spells:

 Spells                   Type           Power      Damage    Failure   Level
 Apportation              Tloc           0%         N/A       56%         1
 Corpse Rot               Necr/Air       0%         N/A       71%         2
 Ensorcelled Hibernation  Hex/Ice        0%         N/A       71%         2
 Passwall                 Tmut/Erth      0%         N/A       71%         2
 Poisonous Vapours        Pois/Air       0%         N/A       71%         2
 Summon Guardian Golem    Hex/Summ       0%         N/A       90%         3
 Swiftness                Air            0%         N/A       90%         3
 Alistair's Intoxication  Tmut/Pois      0%         N/A       100%        5
 Orb of Destruction       Conj           0%         9d5       100%        7
 Spellforged Servitor     Conj/Summ      0%         N/A       100%        7


Dungeon Overview and Level Annotations

Branches:
Dungeon (4/15)             Temple (0/1) D:4         Ossuary (1/1)

Altars:
Xom


Innate Abilities, Weirdness & Mutations

You have a pair of antennae on your head.
You sometimes gain a little power by taking damage.


Message History

You are too injured to fight recklessly!
Unknown command.
Menkaure gestures wildly while chanting.
Menkaure seems to speed up.
Okay, then.
You are confused.
You feel invigorated.
You bump into the stone wall.
You bump into the stone wall.
You're too confused to move!
You bump into the stone wall.
You feel less invigorated.
You feel less confused. The goblin zombie barely misses you.
Okay, then.
Your skin crawls.
You feel strong-willed.
A red film seems to cover your vision as you go berserk!
You feel yourself moving faster!
You feel mighty! The goblin zombie closely misses you.
You slash the goblin zombie!
You destroy the goblin zombie!
Trog accepts your kill.
You hit Menkaure.
Menkaure is lightly damaged.
Menkaure hits you!
You slash Menkaure!
Menkaure is severely damaged.
You barely miss Menkaure. You punch Menkaure.
Menkaure is almost destroyed.
Menkaure hits you but does no damage.
You slash Menkaure!
You destroy Menkaure!
Trog accepts your kill.
Trog appreciates your killing of a magic user.
Your Axes skill increases to level 6!
Your Throwing skill increases to level 4!
You have reached level 7!
Your demonic ancestry asserts itself...
You feel energised by your suffering.
Are you sure you want to abandon this character and quit the game? (Confirm with "yes".)

##..##..## { #..##..##..
##..##..## {{ #M^##..##.
##..##..## #..##..## ##..##..##
#..##..# #..##..## ##..##..
..##..## {##..##. .##..## {{ {
##..##
##..##########################..#
#...............@................
#################################
.......................!.........
#################################


There were no monsters in sight!

Vanquished Creatures
  Menkaure (Ossuary)
  A water moccasin (D:3)
  A sky beast (D:3)
  An orc priest (D:3)
  Jessica (D:2)
  A hound skeleton (D:4)
  A mummy (Ossuary)
  Robin (D:4)
  3 adders
  An adder skeleton (D:4)
  3 worms
  2 dart slugs
  4 orcs (D:3)
  6 bats
  8 endoplasms
  5 giant cockroaches
  4 gnoll zombies (Ossuary)
  16 goblins
  9 hobgoblins
  7 jackals
  5 kobolds
  4 quokkas
  3 ball pythons (D:1)
  4 frilled lizards (D:1)
  5 gnoll skeletons (Ossuary)
  2 goblin skeletons (Ossuary)
  3 goblin zombies (Ossuary)
  3 hobgoblin skeletons (Ossuary)
  5 hobgoblin zombies (Ossuary)
  4 kobold skeletons (Ossuary)
  3 kobold zombies (Ossuary)
  2 orc skeletons (Ossuary)
  2 orc zombies (Ossuary)
  9 rats
  3 rat skeletons (Ossuary)
  6 rat zombies (Ossuary)
139 creatures vanquished.

Notes
Turn   | Place    | Note
-------+----------+-------------------------------------------
     0 | D:1      | knot the Demonspawn Berserker began the quest for the Orb.
     0 | D:1      | Reached XP level 1. HP: 18/18 MP: 1/1
    29 | D:1      | Reached skill level 3 in Axes
    33 | D:1      | Gained mutation: You have a pair of small antennae on your
                  | head. [demonic ancestry]
    33 | D:1      | Reached XP level 2. HP: 24/24 MP: 2/2
   692 | D:1      | Reached XP level 3. HP: 25/29 MP: 3/3
   920 | D:1      | Noticed a shining eye
   925 | D:1      | Reached skill level 4 in Axes
   928 | D:1      | Noticed a floating eye
   931 | D:1      | Found a faded altar of an unknown god.
   932 | D:1      | Noticed a floating eye
   932 | D:1      | Noticed a shining eye
  1085 | D:1      | Reached ** piety under Trog
  1508 | D:2      | Found a shimmering altar of Xom.
  1650 | D:2      | Reached XP level 4. HP: 35/35 MP: 4/4
  1725 | D:2      | Noticed Jessica
  1730 | D:2      | Killed Jessica
  1884 | D:2      | Reached skill level 1 in Throwing
  2224 | D:3      | Noticed a sky beast
  2243 | D:3      | Killed a sky beast
  2244 | D:3      | Reached skill level 5 in Axes
  2244 | D:3      | Gained mutation: You have a pair of antennae on your head.
                  | [demonic ancestry]
  2244 | D:3      | Reached XP level 5. HP: 13/41 MP: 5/5
  2684 | D:3      | Noticed a water moccasin
  2692 | D:3      | Killed a water moccasin
  2693 | D:3      | Reached XP level 6. HP: 47/47 MP: 6/6
  3094 | D:4      | Noticed Robin
  3115 | D:4      | Killed Robin
  3156 | D:4      | Found a staircase to the Ecumenical Temple.
  3188 | D:4      | Found a sand-covered staircase.
  3351 | D:4      | Reached *** piety under Trog
  3487 | Ossuary  | Entered an ossuary
  4408 | Ossuary  | Noticed Menkaure
  4440 | Ossuary  | Killed Menkaure
  4441 | Ossuary  | Reached skill level 6 in Axes
  4441 | Ossuary  | Gained mutation: You sometimes gain a little power by
                  | taking damage. [demonic ancestry]
  4441 | Ossuary  | Reached XP level 7. HP: 52/52 MP: 7/7
  4441 | Ossuary  | Quit the game

Illustrated notes

Levels and vault maps discovered:
D:1:      dpeg_arrival_court, layout_loops_ring,
          hellmonk_ecumenical_altar_watching_god, minmay_cut_off
D:2:      layout_basic, basic_altar, uniq_jessica
D:3:      layout_rooms
D:4:      layout_basic, minmay_temple_entry_slanted,
          nicolae_ossuary_entry_false_entrances, serial_bayou,
          serial_bayou_crossing, serial_bayou_shore_a, serial_bayou_lagoon_a,
          serial_bayou_pond_e, uniq_robin
Ossuary:  ossuary_due_pyramid

Skill      XL: |  1  2  3  4  5  6 |
---------------+-------------------+-----
Axes           | 3 4 5 6 |  6.2
Throwing       | 2 3 4 |  4.0
Fighting       | |  3.0
Armour         | |  1.7
Dodging        | |  1.7

Action                   |  1- 3 |  4- 6 |  7- 9 || total
-------------------------+-------+-------+-------++-------
Melee: Hand axe          |   130 |   281 |       ||   411
       Punch             |     1 |     6 |       ||     7
Invok: Berserk           |     1 |     8 |       ||     9
       Trog's Hand       |       |     2 |       ||     2
  Use: Scroll            |       |    12 |       ||    12
       Potion            |       |     3 |       ||     3
 Stab: Sleeping          |     2 |       |       ||     2
Armor: Animal skin       |    13 |       |       ||    13
       Ring mail         |    13 |   101 |       ||   114
       Skin              |       |     7 |       ||     7
Dodge: Dodged            |    72 |   116 |       ||   188

Table legend: (Time is in decaauts)
 A = Elapsed time spent in this place.
 B = Non-inter-level travel time spent in this place.
 C = Inter-level travel time spent in this place.
 D = Time resting spent in this place.
 E = Time spent auto-exploring this place.
 F = Levels seen in this place.
 G = Mean time per level.
                   A        B        C        D        E       F      G
               +--------+--------+--------+--------+--------+-----+--------+
         Total |   4535 |   4284 |    251 |   1083 |   2011 |   5 |  907.0 |
       Dungeon |   3572 |   3321 |    251 |    704 |   1801 |   4 |  893.0 |
       Ossuary |    963 |    963 |      0 |    379 |    210 |   1 |  963.0 |
               +--------+--------+--------+--------+--------+-----+--------+

Top non-repeatable levels by time:
     D:1: 1349 daAuts
 Ossuary: 963 daAuts
     D:2: 904 daAuts
     D:3: 817 daAuts
     D:4: 501 daAuts
